 Dungeon Crawl Stone Soup version 0.31-a0-358-gac0dbeb3ab (webtiles) character file.

Game seed: 16712572326222451939

72 Maedhros the Insei (level 4, -3/28 HPs)
             Began as an Octopode Artificer on July 25, 2023.
             Slain by Robin
             ... wielding a +0 spear
              (5 damage)
             ... on level 3 of the Dungeon.
             The game lasted 00:02:02 (1887 turns).

Maedhros the Insei (Octopode Artificer)             Turns: 1887, Time: 00:02:02

Health: -3/28      AC:  1    Str: 11    XL:     4   Next: 26%
Magic:  4/4        EV: 11    Int: 13    God:
Gold:   176        SH:  8    Dex: 14    Spells: 3/3 levels left

rFire   . .          .
                       - Unarmed
rCold   . . .        j - +0 kite shield
rNeg    . . .        (helmet restricted)
rPois   .            (no amulet)
rElec   .            (no ring)
rCorr   .            (no ring)
SInv    .            (no ring)
Will    .....        (no ring)
Stlth   +++          (no ring)
HPRegen 0.24/turn    (no ring)
MPRegen 0.09/turn    (no ring)
                     (no ring)

%: no passive effects
@: no status effects
A: almost no armour, amphibious, 8 rings, camouflage 1, gelatinous body 1,
(nimble swimmer 1), tentacles
a: no special abilities


You were on level 3 of the Dungeon.
You visited 1 branch of the dungeon, and saw 3 of its levels.

You collected 176 gold pieces.

Inventory:

Armour
 j - a +0 kite shield (worn)
Jewellery
 f - an amulet of faith
 g - a ring of positive energy
 i - a ring of resist corrosion
 o - a ring of poison resistance
Wands
 b - a wand of flame (14) (quivered)
 c - a wand of charming (15)
 d - a wand of iceblast (5)
Scrolls
 a - 2 scrolls of identify {unknown}
 h - 2 scrolls of teleportation {unknown}
 k - 2 scrolls of fear {unknown}
Potions
 e - 2 potions of curing {unknown}
 l - 2 potions of heal wounds {unknown}
 m - 2 potions of haste {unknown}
 n - a potion of invisibility {unknown}


   Skills:
 - Level 1.0 Fighting
 - Level 2.3 Dodging
 - Level 1.3 Stealth
 + Level 1.3 Shields
 * Level 3.3 Unarmed Combat
 - Level 3.2 Evocations


You had 3 spell levels left.
You didn't know any spells.
Your spell library contained the following spells:

 Spells                   Type           Power      Damage    Failure   Level
 Magic Dart               Conj           0%         1d3       82%         1
 Call Imp                 Summ           0%         N/A       91%         2
 Mephitic Cloud           Conj/Pois/Air  0%         N/A       99%         3


Dungeon Overview and Level Annotations

Branches:
Dungeon (3/15)

Altars:

Shops:
D:2 :

Annotations:
D:3 Robin


Innate Abilities, Weirdness & Mutations

You cannot wear most types of armour.
You are amphibious.
You can wear up to eight rings at the same time.
Your skin changes colour to match your surroundings (Stealth+).
Your rubbery body absorbs attacks. (AC +1, EV +1)
((You are camouflaged when in or above water. (Stealth+)))
You have tentacles for arms and can constrict up to eight enemies at once.


Message History

You block Robin's attack.
The goblin unwields a +0 club.
The goblin wields a +0 sling.
The goblin shoots a sling bullet.
The sling bullet closely misses you.
The sling bullet hits the goblin.
The goblin dies!
Robin hits you with a +0 spear.
Items here: ))) ††.
You are too injured to fight recklessly!
You are too injured to fight recklessly!
You completely miss the goblin. You grab the goblin. You squeeze the goblin.
You kill the goblin!
Robin throws the goblin at you!
You closely miss the goblin. Your grab misses the goblin.
The goblin barely misses you.
Robin flexes a bicep menacingly.
You block Robin's attack.
You tentacle-slap the goblin.
You kill the goblin!
You tentacle-slap Robin. Your grab misses Robin. Your squeeze misses Robin.
Robin is lightly wounded.
Robin closely misses you. The hobgoblin hits you.
* * * LOW HITPOINT WARNING * * *
You tentacle-slap the hobgoblin but do no damage.
Your grab misses the hobgoblin. You block Robin's attack.
The hobgoblin barely misses you.
You closely miss the hobgoblin. You grab the hobgoblin.
Your squeeze misses the hobgoblin.
You constrict the hobgoblin, but do no damage.
You block Robin's attack. The hobgoblin misses you. The hobgoblin hits you!
* * * LOW HITPOINT WARNING * * *
Robin barely misses you.
Okay, then.
Okay, then.
Okay, then.
Aiming: Throw Flame
Press: ? - help, Shift-Dir - straight line, f - Robin
Aim: Robin, wielding a +0 spear, wearing a +0 animal skin and wearing a +0 helmet (lightly wounded, 79% to hit)
The puff of flame hits the hobgoblin!
You kill the hobgoblin!
Robin hits you with a +0 spear.
You die...

##....ggg##
#......gg.#
+.........+
#......g..#
#.......# #.....#
#...# ####)######
#...g@.)..#
#.##)####.#
#.##.####.#
#.#.........
#......##.##
##.####.#...###.#
................#
##.#####.#...###
#.....#


You could see Robin.

Vanquished Creatures
  2 adders (D:2)
  4 worms
  3 endoplasms
  12 goblins
  7 hobgoblins
  2 quokkas (D:1)
  A bat (D:1)
  5 frilled lizards
  2 kobolds
  3 rats
41 creatures vanquished.

Vanquished Creatures (others)
  A goblin (D:3)
1 creature vanquished.

Grand Total: 42 creatures vanquished

Notes
Turn   | Place    | Note
-------+----------+-------------------------------------------
     0 | D:1      | Maedhros the Octopode Artificer began the quest for the
                  | Orb.
     0 | D:1      | Reached XP level 1. HP: 13/13 MP: 1/1
    83 | D:1      | Reached skill level 1 in Unarmed Combat
   153 | D:1      | Reached XP level 2. HP: 18/18 MP: 2/2
   923 | D:2      | Reached XP level 3. HP: 14/23 MP: 3/3
  1083 | D:2      | Reached skill level 1 in Shields
  1239 | D:2      | Found Iryx's Vocational Training.
  1793 | D:3      | Reached XP level 4. HP: 27/28 MP: 4/4
  1861 | D:3      | Noticed Robin
  1887 | D:3      | Slain by Robin

Illustrated notes

Levels and vault maps discovered:
D:1:      dpeg_arrival_simpleton_a, layout_basic, minmay_tetromino_l4
D:2:      layout_loops_ring, nicolae_shop_vocational
D:3:      layout_loops_corners, hellmonk_ecumenical_altar_lost_god, uniq_robin

Skill      XL: |  1  2  3 |
---------------+----------+-----
Unarmed Combat | 1 2 3 |  3.3
Shields        | 1 |  1.3
Fighting       | |  1.0
Dodging        | |  2.3
Stealth        | |  1.3
Evocations     | |  3.2

Action                     |  1- 3 |  4- 6 || total
---------------------------+-------+-------++-------
  Melee: Unarmed           |    70 |    23 ||    93
         Constrict         |    24 |     8 ||    32
         Tentacles         |    17 |     6 ||    23
  Evoke: Wand              |       |     1 ||     1
   Stab: Sleeping          |     5 |       ||     5
 Armour: Skin              |     3 |       ||     3
  Dodge: Dodged            |    40 |    11 ||    51
  Block: Kite shield       |     6 |     9 ||    15

Table legend: (Time is in decaauts)
 A = Elapsed time spent in this place.
 B = Non-inter-level travel time spent in this place.
 C = Inter-level travel time spent in this place.
 D = Time resting spent in this place.
 E = Time spent auto-exploring this place.
 F = Levels seen in this place.
 G = Mean time per level.
                   A        B        C        D        E       F      G
               +--------+--------+--------+--------+--------+-----+--------+
         Total |   1893 |   1811 |     82 |      0 |   1524 |   3 |  631.0 |
       Dungeon |   1893 |   1811 |     82 |      0 |   1524 |   3 |  631.0 |
               +--------+--------+--------+--------+--------+-----+--------+

Top non-repeatable levels by time:
     D:1: 892 daAuts
     D:2: 798 daAuts
     D:3: 202 daAuts
